 Dungeon Crawl Stone Soup version 0.29-a0-700-g2f1814c7b2 (webtiles) character file.

Game seed: 8826315310560775550

308 Sabo the Chopper (level 6, -5/52 HPs)
             Began as a Hill Orc Fighter on June 25, 2022.
             Killed from afar by a steam dragon (6 damage)
             ... with a ball of steam
             ... on level 4 of the Dungeon.
             The game lasted 00:17:23 (3665 turns).

Sabo the Chopper (Hill Orc Fighter)                 Turns: 3665, Time: 00:17:26

Health: -5/52      AC: 13    Str: 21    XL:     6   Next: 40%
Magic:  6/6        EV:  6    Int:  8    God:
Gold:   162        SH:  8    Dex: 10    Spells: 5/5 levels left

rFire   . . .      SeeInvis .   a - +0 war axe
rCold   . . .      Faith    .   e - +0 kite shield
rNeg    . . .      Spirit   .   r - +0 chain mail
rPois   .          Reflect  .   n - +0 helmet
rElec   .          Harm     .   w - +0 cloak
rCorr   .          Rampage  .   x - +0 pair of gloves
Will    .....                   (no boots)
Stlth   ..........              (no amulet)
HPRegen 0.17/turn               (no ring)
MPRegen 0.10/turn               (no ring)

@: brilliant
A: no striking features
a: no special abilities


You were on level 4 of the Dungeon.
You visited 1 branch of the dungeon, and saw 4 of its levels.

You collected 162 gold pieces.

Inventory:

Hand Weapons
 a - a +0 war axe (weapon)
 d - a +2 whip of freezing
 i - a +0 hunting sling
 l - a +0 vorpal spear
 v - a +2 quarterstaff of chaos
Missiles
 o - 3 boomerangs (quivered)
Armour
 e - a +0 kite shield (worn)
 n - a +0 helmet (worn)
 r - a +0 chain mail (worn)
 w - a +0 cloak (worn)
 x - a +0 pair of gloves (worn)
Wands
 u - a wand of digging (7)
Scrolls
 c - a scroll of silence {unknown}
 f - a scroll of noise {unknown}
 h - a scroll of immolation {unknown}
 j - a scroll of fear {unknown}
 k - a scroll of magic mapping {unknown}
 s - a scroll of enchant weapon {unknown}
 t - a scroll of teleportation {unknown}
Potions
 b - 3 potions of curing
 g - a potion of magic {unknown}
 m - 2 potions of brilliance
 p - a potion of degeneration {unknown}
 q - a potion of haste {unknown}


   Skills:
 + Level 4.1 Fighting
 + Level 5.4 Axes
 + Level 4.2 Armour
 + Level 1.4 Dodging
 + Level 5.1 Shields


You had 5 spell levels left.
You didn't know any spells.
Your spell library contained the following spells:

 Spells                   Type           Power      Damage    Failure   Level
 Apportation              Tloc           0%         N/A       100%        1
 Magic Dart               Conj           0%         1d3       100%        1
 Necrotize                Necr           0%         1d4       100%        1
 Summon Small Mammal      Summ           0%         N/A       100%        1
 Call Imp                 Summ           0%         N/A       100%        2
 Mephitic Cloud           Conj/Pois/Air  0%         N/A       100%        3


Dungeon Overview and Level Annotations

Branches:
Dungeon (4/15)
 Temple: D:4-7

Altars:
Xom
The Shining One


Message History

You hit the steam dragon. The steam dragon bites you.
* * * LOW HITPOINT WARNING * * *
The steam dragon closely misses you.
Found a stone staircase leading up.
The steam dragon bites you but does no damage.
The steam dragon claws you but does no damage.
Things that are here:
a +0 shortbow; a scroll labelled KEGUPSETZISH; a centaur corpse You barely miss the steam dragon.
The steam dragon is lightly wounded.
You closely miss the hobgoblin.
The hobgoblin hits you but does no damage.
The steam dragon barely misses you. You block the steam dragon's attack.
The hobgoblin hits you but does no damage.
The steam dragon breathes steam at you. The ball of steam hits you!
* * * LOW HITPOINT WARNING * * *
It was a potion of curing.
You feel better.
You are engulfed in a cloud of scalding steam.
You block the hobgoblin's attack. You block the steam dragon's attack.
The steam dragon claws you.
* * * LOW HITPOINT WARNING * * *
It was a potion of brilliance.
You feel clever all of a sudden. You block the hobgoblin's attack.
The steam dragon bites you but does no damage.
The steam dragon claws you but does no damage.
You slash the steam dragon!
The steam dragon is moderately wounded.
You hit the hobgoblin. You block the hobgoblin's attack.
The steam dragon bites you!
* * * LOW HITPOINT WARNING * * *
The steam dragon claws you but does no damage.
You barely miss the steam dragon.
The steam dragon is moderately wounded.
You slash the hobgoblin!
You kill the hobgoblin!
The steam dragon breathes steam at you. The ball of steam hits you.
You die...

<.##.#. ## ....... .# .......
.# ....... .. ....... .# .....#
.........# .#...# ....##.#.#
...#.# ......D@.# .....
#####.†.## ...###. #...#######
....... .. #(........##..#...
...# #####.........>.###⌠###
.....###.............###.^≈.^##
#............###.....##≈^^.≈≈##
##.####........##....#♣≈.^..≈..
#......#..##...⌠.≈≈≈_≈#..


You could see a steam dragon (catching breath).

Vanquished Creatures
  A centaur (D:4)
  Crazy Yiuf (D:3)
  2 orc priests (D:3)
  Robin (D:2)
  3 adders
  2 worms (D:2)
  6 dart slugs
  5 orcs (D:3)
  6 ball pythons
  6 endoplasms
  A giant cockroach (D:1)
  12 hobgoblins
  3 kobolds
  5 quokkas
  5 bats
  9 frilled lizards
  22 goblins
  8 rats
  A bush (D:3)
99 creatures vanquished.

Vanquished Creatures (others)
  A fungus (D:3)
  6 plants (D:3)
7 creatures vanquished.

Grand Total: 106 creatures vanquished

Notes
Turn   | Place    | Note
-------+----------+-------------------------------------------
     0 | D:1      | Sabo the Hill Orc Fighter began the quest for the Orb.
     0 | D:1      | Reached XP level 1. HP: 19/19 MP: 1/1
   156 | D:1      | Reached XP level 2. HP: 27/27 MP: 2/2
   420 | D:1      | Reached XP level 3. HP: 33/33 MP: 3/3
  1152 | D:2      | Noticed Robin
  1168 | D:2      | Reached XP level 4. HP: 27/40 MP: 4/4
  1190 | D:2      | Killed Robin
  2264 | D:3      | Reached skill level 1 in Dodging
  2266 | D:3      | Reached XP level 5. HP: 12/46 MP: 5/5
  2660 | D:3      | Found a glowing golden altar of the Shining One.
  3349 | D:3      | Found a runed translucent door.
  3350 | D:3      | Noticed Crazy Yiuf
  3360 | D:3      | Killed Crazy Yiuf
  3361 | D:3      | Reached skill level 5 in Axes
  3361 | D:3      | Reached skill level 5 in Shields
  3361 | D:3      | Reached XP level 6. HP: 33/52 MP: 6/6
  3619 | D:4      | Found a shimmering altar of Xom.
  3652 | D:4      | Noticed a steam dragon
  3664 | D:4      | HP: 1/52 [steam dragon (8)]
  3665 | D:4      | Killed from afar by a steam dragon

Illustrated notes

Levels and vault maps discovered:
D:1:      dpeg_chamrin_arrival_tetris, layout_loops_ring
D:2:      layout_rooms, kennysheep_nondescript, minmay_goblin_kobold_house,
          uniq_robin
D:3:      cheibrodos_old_hovel, layout_basic, nicolae_tso_swordbearing_angel,
          uniq_crazy_yiuf_cottage
D:4:      layout_loops_cross, xom_redecorated, nicolae_ashenzari_panopticon,
          hangedman_decor_opposing

Skill      XL: |  1  2  3  4  5 |
---------------+----------------+-----
Axes           | 3 4 5 |  5.4
Shields        | 4 5 |  5.1
Dodging        | 1 |  1.4
Fighting       | 4 |  4.1
Armour         | 4 |  4.2

Action                   |  1- 3 |  4- 6 || total
-------------------------+-------+-------++-------
Melee: War axe           |   110 |   192 ||   302
  Use: Potion            |     1 |     3 ||     4
       Scroll            |       |     1 ||     1
Armor: Scale mail        |    81 |    25 ||   106
       Chain mail        |       |    66 ||    66
Dodge: Dodged            |    44 |    56 ||   100
Block: Kite shield       |    71 |    88 ||   159

Table legend: (Time is in decaauts)
 A = Elapsed time spent in this place.
 B = Non-inter-level travel time spent in this place.
 C = Inter-level travel time spent in this place.
 D = Time resting spent in this place.
 E = Time spent auto-exploring this place.
 F = Levels seen in this place.
 G = Mean time per level.
                   A        B        C        D        E       F      G
               +--------+--------+--------+--------+--------+-----+--------+
         Total |   3792 |   3792 |      0 |    933 |      0 |   4 |  948.0 |
       Dungeon |   3792 |   3792 |      0 |    933 |      0 |   4 |  948.0 |
               +--------+--------+--------+--------+--------+-----+--------+

Top non-repeatable levels by time:
     D:3: 1375 daAuts
     D:1: 1138 daAuts
     D:2: 1133 daAuts
     D:4: 145 daAuts
